 Dungeon Crawl Stone Soup version 0.29.0-4-gdea44cf6ec (webtiles) character file.

Game seed: 6824822808279016056

25 qw the Sneak (level 3, -7/23 HPs)
             Began as a Gargoyle Delver on Sept 10, 2022.
             Mangled by an iron imp (9 damage)
             ... on level 5 of the Dungeon.
             The game lasted 00:00:02 (48 turns).

qw the Sneak (Gargoyle Delver)                        Turns: 48, Time: 00:00:02

Health: -7/23      AC:  6    Str: 17    XL:     3   Next: 4%
Magic:  3/3        EV: 11    Int: 10    God:
Gold:   0          SH:  0    Dex: 11    Spells: 2/2 levels left

rFire   . . .      SeeInvis .   a - +0 hand axe
rCold   . . .      Faith    .   (no shield)
rNeg    + . .      Spirit   .   b - +0 leather armour
rPois   inf        Reflect  .   (no helmet)
rElec   +          Harm     .   (no cloak)
rCorr   .          Rampage  .   (no gloves)
Will    .....                   (no boots)
Stlth   +++.......              (no amulet)
HPRegen 0.07/turn               (no ring)
MPRegen 0.08/turn               (no ring)

@: no status effects
A: sickness immunity, AC +3, negative energy resistance 1, electricity
resistance, torment resistance 1, petrification resistance
a: no special abilities


You were on level 5 of the Dungeon.
You visited 1 branch of the dungeon, and saw 1 of its levels.


Innate Abilities, Weirdness & Mutations

You are immune to sickness and miasma.
Your stone body is resilient. (AC +3)
You are immune to poison.
You resist negative energy. (rN+)
You are resistant to electric shocks. (rElec)
You are resistant to unholy torment.
You are immune to petrification.


   Skills:
 - Level 3.2 Fighting
 + Level 3.1 Axes
 - Level 1.5 Dodging
 - Level 5.4 Stealth


You had 2 spell levels left.
You didn't know any spells.
Your spell library was empty.

Inventory:

Hand Weapons
 a - a +0 hand axe (weapon)
Armour
 b - a +0 leather armour (worn)
Wands
 g - a wand of digging (3)
Scrolls
 c - a scroll of fog
 d - a scroll of magic mapping
 e - a scroll of fear
 h - a scroll of identify {unknown}
Potions
 f - a potion of haste
 i - a potion of berserk rage {unknown}

Dungeon Overview and Level Annotations

Branches:
Dungeon (5/15)
 Temple: D:4-7

Altars:
Makhleb


Message History

The iron imp is lightly wounded.
The iron imp barely misses you.
You hit the iron imp but do no damage.
The iron imp is lightly wounded.
The iron imp hits you.
You hit the iron imp.
The iron imp is heavily wounded.
The iron imp barely misses you.
You barely miss the iron imp.
The iron imp is heavily wounded.
You hit the iron imp but do no damage. The iron imp hits you.
The iron imp closely misses you.
You hit the iron imp.
The iron imp is severely wounded.
You hit the iron imp but do no damage. The iron imp hits you. x2
You hit the iron imp.
You kill the iron imp!
You barely miss the iron imp. The iron imp misses you.
Your Axes skill gained 2 levels and is now at level 3!
You have reached level 2!
You have reached level 3!
Your experience leads to an increase in your attributes!
Increase (S)trength, (I)ntelligence, or (D)exterity?
You feel stronger. x2
You closely miss the iron imp. The iron imp hits you!
You hit the iron imp.
The iron imp is lightly wounded.
The iron imp misses you.
You barely miss the iron imp.
The iron imp is lightly wounded.
You hit the iron imp but do no damage.
The iron imp hits you but does no damage.
The iron imp barely misses you.
You hit the iron imp.
The iron imp is moderately wounded.
You barely miss the iron imp. The iron imp hits you!
You die...

#.¤~¤......~~5#
#..~~.....~~5.#
#...~¤~.~~¤...#
#....~~8~~....#
#......~......#
#.............#
#.............#
#..55.........#
#..@..........# #
#.#.###.....### ..
#.....#.##### ..
###.....###### #.
###...........# #.
#..:..........#
####..#.##..........#
.......>.............
#######.#############


You could see 2 iron imps.

Vanquished Creatures
  An iron imp (D:5)
1 creature vanquished.

Notes
Turn   | Place    | Note
-------+----------+-------------------------------------------
     0 | D:5      | qw the Gargoyle Delver began the quest for the Orb.
     0 | D:5      | Reached XP level 1. HP: 14/14 MP: 1/1
     0 | D:5      | 0 ||| qw: Version: 0.1-a-116-g5d60599
     0 | D:5      | 0 ||| qw: Game counter: 7813
     0 | D:5      | 0 ||| qw: Always use a shield: true
     0 | D:5      | 0 ||| qw: God list: Okawaru
     0 | D:5      | 0 ||| qw: Allow faded altars: false
     0 | D:5      | 0 ||| qw: Do Orc after D:15 true
     0 | D:5      | 0 ||| qw: Do second Lair branch before Depths: true
     0 | D:5      | 0 ||| qw: Lair rune preference: random
     0 | D:5      | 0 ||| qw: Plans: Normal
     0 | D:5      | 0 ||| PLANNING D:1-11
    11 | D:5      | Noticed an iron imp
    14 | D:5      | Noticed an iron imp
    14 | D:5      | Found a burning altar of Makhleb.
    16 | D:5      | Noticed an iron imp
    44 | D:5      | Killed an iron imp
    45 | D:5      | Reached skill level 3 in Axes
    45 | D:5      | Reached XP level 2. HP: 9/19 MP: 2/2
    45 | D:5      | Reached XP level 3. HP: 11/23 MP: 3/3
    45 | D:5      | HP: 2/23 [iron imp (9)]
    48 | D:5      | Mangled by an iron imp

Levels and vault maps discovered:
D:5:      minmay_spotlight, layout_basic, demons_altar, hangedman_decor_points,
          serial_bayou_lagoon_a, uniq_duvessa

Skill      XL: |  1 |
---------------+----+-----
Axes           | 3 |  3.1
Fighting       | |  3.2
Dodging        | |  1.5
Stealth        | |  5.4

Action                   || total
-------------------------++-------
Melee: Hand axe          ||    13
Armor: Leather armour    ||     1
Dodge: Dodged            ||     8

Table legend:
 A = Non-vault XP
 B = Vault XP
 C = Vault XP percentage of total XP
 D = Non-vault monster count
 E = Vault monster count
 F = Vault count percentage of total count
                 A         B        C        D         E       F
            +---------+---------+-------+---------+---------+-------
      Total |       0 |      36 | 100.0 |       0 |       1 | 100.0
            +---------+---------+-------+---------+---------+-------
        D:5 |       0 |      36 | 100.0 |       0 |       1 | 100.0
            +---------+---------+-------+---------+---------+-------
